 Dungeon Crawl Stone Soup version 0.30-a0-141-g30f27751c5 (webtiles) character file.

Game seed: 7280231044208826327

982 Belterius the Covered (level 7, -2/64 HPs)
             Began as a Minotaur Fighter on Sept 25, 2022.
             Slain by an ogre
             ... wielding a +0 giant spiked club
              (20 damage)
             ... on level 5 of the Dungeon.
             The game lasted 00:05:57 (4529 turns).

Belterius the Covered (Minotaur Fighter)            Turns: 4529, Time: 00:05:57

Health: -2/64      AC:  7    Str: 22    XL:     7   Next: 96%
Magic:  6/6        EV:  9    Int:  5    God:
Gold:   213        SH:  5    Dex: 10    Spells: 6/6 levels left

rFire   . . .      SeeInvis .    u - +8 long sword of the Secret Moons {drain, Stlth+}
rCold   . . .      Faith    .    c - +0 buckler
rNeg    . . .      Spirit   .    b - +0 scale mail
rPois   .          Reflect  .    (helmet restricted)
rElec   .          Harm     .    (no cloak)
rCorr   .          Rampage  .    (no gloves)
Will    .....                    (no boots)
Stlth   +.........               (no amulet)
HPRegen 0.20/turn                (no ring)
MPRegen 0.10/turn                (no ring)

@: no status effects
A: horns 2, retaliatory headbutt
a: no special abilities


You were on level 5 of the Dungeon.
You visited 1 branch of the dungeon, and saw 6 of its levels.

You collected 213 gold pieces.

Inventory:

Hand Weapons
 a - a +0 war axe
 u - the +8 long sword of the Secret Moons (weapon) {drain, Stlth+}
   (You found it on level 3 of the Dungeon)

   A truly terrible weapon, it drains the life of any living foe it strikes.
   Stlth:     It makes you more stealthy.
Armour
 b - a +0 scale mail (worn)
 c - a +0 buckler (worn)
Jewellery
 f - a +6 ring of dexterity
 l - a ring of magical power
Wands
 p - a wand of flame (14)
Scrolls
 e - a scroll of amnesia {unknown}
 i - a scroll of immolation {unknown}
 k - a scroll of brand weapon {unknown}
 o - a scroll of silence {unknown}
 q - a scroll of noise {unknown}
 s - a scroll of teleportation {unknown}
 v - a scroll of identify {unknown}
 w - a scroll of enchant armour {unknown}
 y - a scroll of torment {unknown}
 z - a scroll of enchant weapon {unknown}
 A - a scroll of vulnerability {unknown}
Potions
 d - 2 potions of might
 g - 2 potions of attraction {unknown}
 h - 2 potions of curing
 j - a potion of lignification {unknown}
 m - a potion of resistance {unknown}
 n - 2 potions of berserk rage {unknown}
 r - 4 potions of brilliance {unknown}
 t - a potion of flight {unknown}
 x - a potion of haste {unknown}


   Skills:
 + Level 6.5 Fighting
 + Level 5.9 Axes
 + Level 6.6 Armour
 + Level 6.5 Shields


You had 6 spell levels left.
You didn't know any spells.
Your spell library contained the following spells:

 Spells                   Type           Power      Damage    Failure   Level
 Slow                     Hex            0%         N/A       85%         1
 Confusing Touch          Hex            0%         N/A       99%         3
 Vampiric Draining        Necr           0%         2d6       99%         3


Dungeon Overview and Level Annotations

Branches:
Dungeon (6/15)
 Temple: D:4-7

Altars:

Shops:
D:1 ?


Innate Abilities, Weirdness & Mutations

You have a pair of horns on your head.
You reflexively headbutt those who attack you in melee.


Message History

Unknown command.
Key pressed, stopping explore.
No target in view!
Unknown command.
Key pressed, stopping explore.
No target in view!
Unknown command.
An ogre comes into view. It is wielding a +0 giant spiked club.
Unknown command.
An ogre is nearby!
You hit the ogre.
The ogre is lightly wounded.
The ogre hits you with a +0 giant spiked club!
Unknown command.
An ogre is nearby!
You hit the ogre. You drain the ogre. You headbutt the ogre.
The ogre is heavily wounded.
The ogre hits you with a +0 giant spiked club.
Unknown command.
An ogre is nearby!
You barely miss the ogre.
You headbutt the ogre, but do no damage.
The ogre is heavily wounded.
The ogre hits you with a +0 giant spiked club!!
Unknown command.
An ogre is nearby!
You are too injured to fight recklessly!
Unknown command.
An ogre is nearby!
You are too injured to fight recklessly!
Unknown command.
Found 6 stones and 14 gold pieces.
You see here a +0 giant club.
The ogre seems less drained.
The ogre attacks as you move away!
The ogre hits you with a +0 giant spiked club!
* * * LOW HITPOINT WARNING * * *
The ogre attacks as you move away!
The ogre hits you with a +0 giant spiked club!!
You die...

...#### #..####.###.##.......#
......####..........##...)...#
........###.................##
.........####.......#.......#
###.####..# ####....##......#
# #... #..## ####.######### #
#....#...# ###...# #
#(...#...# ##.....# .
#$.......###..@...# .
######....##.O###.# #....#...#
#.# ###...)#...##..#
.......[........#
#################


You could see an ogre.

Vanquished Creatures
  A black bear (D:4)
  2 ogres
  A kobold brigand (D:3)
  3 scorpions
  A gnoll sergeant (D:5)
  A jelly (D:5)
  2 hounds
  An orc priest (D:4)
  An iguana (D:5)
  2 orc wizards
  4 adders
  4 gnolls
  A white imp (D:5)
  2 ufetubi (D:5)
  3 worms
  5 dart slugs
  8 orcs
  3 bats
  6 endoplasms
  3 giant cockroaches
  11 goblins
  14 hobgoblins
  10 kobolds
  6 quokkas
  4 ball pythons
  2 frilled lizards (D:1)
  23 rats
124 creatures vanquished.

Vanquished Creatures (others)
  3 fungi (D:1)
  4 plants (D:1)
7 creatures vanquished.

Grand Total: 131 creatures vanquished

Notes
Turn   | Place    | Note
-------+----------+-------------------------------------------
     0 | D:1      | Belterius the Minotaur Fighter began the quest for the Orb.
     0 | D:1      | Reached XP level 1. HP: 19/19 MP: 0/0
    47 | D:1      | Found Ofofedgh's Magic Scroll Shoppe.
    95 | D:1      | Reached XP level 2. HP: 22/27 MP: 1/1
   539 | D:1      | Reached XP level 3. HP: 30/33 MP: 2/2
   620 | D:1      | Found a faded altar of an unknown god.
  1556 | D:3      | Reached XP level 4. HP: 30/41 MP: 3/3
  2160 | D:3      | Noticed a kobold brigand
  2171 | D:3      | Killed a kobold brigand
  2172 | D:3      | Reached XP level 5. HP: 6/47 MP: 4/4
  2449 | D:3      | Identified the +8 long sword of the Secret Moons {drain,
                  | Stlth+}
  2557 | D:4      | Reached skill level 5 in Armour
  2557 | D:4      | Reached skill level 5 in Shields
  2561 | D:4      | Reached skill level 5 in Fighting
  2728 | D:4      | Reached XP level 6. HP: 52/56 MP: 5/5
  2784 | D:4      | Identified the +1 leather armour of Salvation {*Corrode
                  | +Inv rF+ rN++}
  3747 | D:5      | Entered Level 5 of the Dungeon
  3759 | D:5      | Reached XP level 7. HP: 62/62 MP: 6/6
  3770 | D:5      | Reached skill level 5 in Axes
  3863 | D:5      | HP: 3/63 [poisoned by a gnoll sergeant]
  3865 | D:5      | HP: 1/63 [poisoned by a gnoll sergeant]
  4529 | D:5      | Slain by an ogre

Illustrated notes

Levels and vault maps discovered:
D:1:      tarquinn_simple_flora_water_e, layout_basic,
          shapermc_ecumenical_altar_mp_urbaneastern, serial_shops,
          nicolae_shop_stone, minmay_split_cup_large
D:2:      layout_basic, minmay_rat_hole
D:3:      cheibrodos_thug_alley, layout_loops_ring,
          corexii_item_surrounded_by_moat, minmay_misc_feat_doors,
          serial_bayou_pond_d, st_stairs_7, feat_on_display
D:4:      layout_basic
D:5:      minmay_recursive_quarters, layout_basic, water_boxes_lemuel
D:6:      layout_cave_pools, minmay_temple_entry_from_below_a,
          portal_sewer_entry_f

Skill      XL: |  1  2  3  4  5  6  7 |
---------------+----------------------+-----
Fighting       | 4 5 6 |  6.5
Armour         | 4 5 6 |  6.6
Shields        | 4 5 6 |  6.5
Axes           | 3 4 5 |  5.9

Action                   |  1- 3 |  4- 6 |  7- 9 || total
-------------------------+-------+-------+-------++-------
Melee: War axe           |    76 |    27 |       ||   103
       Headbutt          |     9 |    11 |    11 ||    31
       Long sword        |       |    57 |    43 ||   100
  Use: Potion            |       |       |     1 ||     1
Armor: Scale mail        |    28 |    33 |    19 ||    80
Dodge: Dodged            |    38 |    38 |    28 ||   104
Block: Buckler           |    13 |    19 |    14 ||    46

Table legend: (Time is in decaauts)
 A = Elapsed time spent in this place.
 B = Non-inter-level travel time spent in this place.
 C = Inter-level travel time spent in this place.
 D = Time resting spent in this place.
 E = Time spent auto-exploring this place.
 F = Levels seen in this place.
 G = Mean time per level.
                   A        B        C        D        E       F      G
               +--------+--------+--------+--------+--------+-----+--------+
         Total |   4623 |   4537 |     86 |   1116 |   2803 |   6 |  770.5 |
       Dungeon |   4623 |   4537 |     86 |   1116 |   2803 |   6 |  770.5 |
               +--------+--------+--------+--------+--------+-----+--------+

Top non-repeatable levels by time:
     D:4: 1232 daAuts
     D:3: 1020 daAuts
     D:1: 798 daAuts
     D:2: 770 daAuts
     D:5: 488 daAuts
     D:6: 313 daAuts
